 Dungeon Crawl Stone Soup version 0.26-a0-670-g578ab304f5 (webtiles) character file.

Game seed: 16195192669965247047

10685 Murumi the Basher (level 11, -14/105 HPs)
             Began as an Ogre Conjurer on Oct 19, 2020.
             Was an Elder of Okawaru.
             Demolished by a death yak (19 damage)
             ... on level 8 of the Dungeon.
             The game lasted 00:57:57 (14438 turns).

Murumi the Basher (Ogre Conjurer)                  Turns: 14438, Time: 00:57:59

Health: -14/105    AC: 16    Str: 16    XL:     11   Next: 66%
Magic:  5/15       EV: 10    Int: 19    God:    Okawaru [****..]
Gold:   555        SH: 15    Dex:  7    Spells: 13/16 levels left

rFire    + . .     SeeInvis .   A - +5 flail (protect) (curse)
rCold    + . .     Faith    .   q - +0 kite shield
rNeg     + . .     Spirit   .   p - +2 robe {rC+ rF+}
rPois    .         Reflect  +   (helmet restricted)
rElec    .         Harm     .   (no cloak)
rCorr    .         Rampage  .   (gloves unavailable)
MR       +....                  (boots unavailable)
Stlth    ++........             l - amulet of reflection
HPRegen  0.27/turn              I - ring of positive energy
MPRegen  0.14/turn              a - +4 ring of protection

@: protection aura
A: large, unfitting armour, tough skin 1
a: Heroism, Renounce Religion


You were on level 8 of the Dungeon.
You worshipped Okawaru.
Okawaru was greatly pleased with you.
You visited 2 branches of the dungeon, and saw 10 of its levels.

You collected 555 gold pieces.

Inventory:

Hand Weapons
 d - a +1 whip
 v - a +0 giant spiked club
 A - a cursed +5 flail of protection (weapon)
Missiles
 f - 303 stones
 n - 24 poisoned darts
 r - 10 boomerangs (quivered)
 y - 2 curare-tipped darts
Armour
 p - a +2 robe of resistance (worn)
 q - a +0 kite shield (worn)
Jewellery
 a - a +4 ring of protection (right hand)
 j - an uncursed ring of flight
 l - an amulet of reflection (around neck)
 w - an uncursed ring of resist corrosion
 x - an uncursed ring of fire
 G - an uncursed ring of fire
 I - a ring of positive energy (left hand)
Wands
 i - a wand of enslavement (5)
 t - a wand of iceblast (13)
 u - a wand of disintegration (14)
 D - a wand of digging (5)
 F - a wand of polymorph (5)
 H - a wand of acid (5)
Scrolls
 g - 3 scrolls of enchant armour
 h - a scroll of fear
 k - 2 scrolls of amnesia
 m - 5 scrolls of remove curse
 s - a scroll of holy word
 z - 6 scrolls of teleportation
Potions
 b - 2 potions of curing
 c - 2 potions of might
 e - 3 potions of brilliance
 o - 2 potions of mutation
 B - a potion of haste
 C - a potion of lignification
 E - 2 potions of stabbing


   Skills:
 - Level 6.0 Fighting
 - Level 12.0 Maces & Flails
 + Level 3.0 Throwing
 - Level 3.0 Dodging
 - Level 2.0 Stealth
 - Level 9.0 Shields
 - Level 3.0 Spellcasting
 - Level 4.0 Conjurations
 - Level 2.0 Invocations
 - Level 1.0 Evocations


You had 13 spell levels left.
You knew the following spells:

 Your Spells              Type           Power        Failure   Level
a - Magic Dart            Conj           ###.         3%          1
b - Searing Ray           Conj           ###...       4%          2

Your spell library contained the following spells:

 Spells                   Type           Power        Failure   Level
 Dazzling Flash           Conj/Hex       ##....       21%         3
 Confusing Touch          Hex            #.......     41%         3
 Gell's Gravitas          Tloc           #.........   41%         3
 Fulminant Prism          Conj/Hex       ##........   54%         4
 Iskenderun's Mystic Bla  Conj/Tloc      ##......     54%         4
 Petrify                  Tmut/Erth      #.......     83%         4
 Metabolic Englaciation   Hex/Ice        #.........   99%         5
 Yara's Violent Unravell  Hex/Tmut       #.........   99%         5


Dungeon Overview and Level Annotations

Branches:
Dungeon (9/15)             Temple (1/1) D:7            Lair (0/6) D:9
    Orc: D:9-12

Altars:
Ashenzari
Cheibriados
Dithmenos
Elyvilon
Fedhas
Gozag
Hepliaklqana
Kikubaaqudgha
Makhleb
Nemelex Xobeh
Okawaru
Qazlal
Ru
Sif Muna
Trog
Uskayaw
Vehumet
Wu Jian
Xom
Yredelemnul
Zin
The Shining One


Innate Abilities, Weirdness & Mutations

You are too large for most types of armour.
You have tough skin. (AC +1)


Message History

The death yak is severely wounded.
The death yak gores you!!
* * * LOW HITPOINT WARNING * * *
Okay, then.
Evoke which item? (* to show all) (? for menu, Esc to quit)
Aiming: Disintegrate
Press: ? - help, Shift-Dir - straight line, f/p - death yak
Aim: a death yak (severely wounded, chance to defeat MR: 9%)
Okay, then.
Quiver which item? (- for none, * to show all) (? for menu, Esc to quit)
Okay, then.
Evoke which item? (* to show all) (? for menu, Esc to quit)
Aiming: Corrosive Bolt
Press: ? - help, Shift-Dir - straight line, f/p - death yak
Aim: a death yak (severely wounded)
The bolt of acid hits the death yak.
The death yak is splashed with acid!
The acid corrodes the death yak!
The death yak is severely wounded.
The death yak gores you!!
You die...

##.# ################## ##.#
#................. ##.###########
#.##############.. ##...........#
#.# ####### #.. ############.#
#.# #.....# ### # #.# #.# #.....#
# #.# #.# #.....# #
#.###.####.....####### #
#....@Y..'.....'...... #
##########.....####### #
#.....#### ###############
#........# ##
........†))...#######........###.
###########)...................#.
#....'...........#........#.
#.####...........#........#.
#.#..#...........#......####


You could see a death yak (corroded).

Vanquished Creatures
  Erolcha (D:9)
  4 death yaks
  An unseen horror (D:9)
  Psyche (D:9)
  Joseph (D:8)
  A vampire (D:9)
  4 wraiths (D:7)
  10 yaks (D:9)
  Edmund (D:6)
  A sky beast (D:8)
  4 phantoms
  7 ogres
  5 orc warriors
  A hornet zombie (D:7)
  6 centaurs
  2 big kobolds
  4 bullfrogs
  4 scorpions
  4 wights (D:7)
  4 howler monkeys
  2 jellies
  4 orc priests
  10 orc wizards
  A centaur skeleton (D:8)
  Jessica (D:3)
  6 worker ants
  Natasha (thrice) (D:3)
  A killer bee zombie (D:9)
  A howler monkey skeleton (D:5)
  A worker ant zombie (D:5)
  Robin (D:3)
  3 gnolls (D:7)
  13 adders
  3 shadow imps
  A white imp (D:5)
  An ufetubus (D:6)
  An ooze (D:5)
  An adder zombie (D:7)
  4 worms
  2 dart slugs (D:1)
  3 leopard geckos
  30 orcs
  2 ball pythons (D:2)
  18 giant cockroaches
  15 goblins
  10 hobgoblins
  6 jackals
  5 quokkas
  A ball python skeleton (D:5)
  5 bats
  5 frilled lizards
  A jackal skeleton (D:5)
  17 kobolds
  A leopard gecko skeleton (D:9)
  A quokka skeleton (D:5)
  11 rats
257 creatures vanquished.

Vanquished Creatures (collateral kills)
  2 hobgoblins (D:3)
2 creatures vanquished.

Vanquished Creatures (others)
  A kobold (D:9)
1 creature vanquished.

Grand Total: 260 creatures vanquished

Notes
Turn   | Place    | Note
-------+----------+-------------------------------------------
     0 | D:1      | Murumi the Ogre Conjurer began the quest for the Orb.
     0 | D:1      | Reached XP level 1. HP: 16/16 MP: 3/3
    24 | D:1      | You fall into a shaft and drop 1 floor!
   105 | D:2      | Reached XP level 2. HP: 9/24 MP: 0/5
   407 | D:2      | Learned a level 2 spell: Searing Ray
   700 | D:1      | Reached XP level 3. HP: 31/31 MP: 3/7
  1155 | D:1      | Reached skill level 1 in Fighting
  1584 | D:1      | Reached skill level 1 in Throwing
  1867 | D:2      | Reached XP level 4. HP: 42/42 MP: 5/8
  2029 | D:2      | Reached skill level 1 in Maces & Flails
  2339 | D:2      | Found a shadowy altar of Dithmenos.
  3011 | D:2      | Reached XP level 5. HP: 53/53 MP: 5/9
  3572 | D:3      | Noticed Jessica
  3581 | D:3      | Killed Jessica
  3637 | D:3      | Noticed Robin
  3693 | D:3      | Your ally died
  3917 | D:3      | Noticed Natasha
  3930 | D:3      | Killed Natasha
  4207 | D:3      | Noticed Natasha
  4214 | D:3      | Killed Natasha
  4214 | D:3      | Reached skill level 2 in Maces & Flails
  4214 | D:3      | Reached XP level 6. HP: 62/62 MP: 7/10
  4427 | D:3      | Noticed Natasha
  4434 | D:3      | Killed Natasha
  4434 | D:3      | Reached skill level 1 in Evocations
  4738 | D:4      | Reached skill level 1 in Shields
  5240 | D:4      | Found a stormy altar of Qazlal.
  5254 | D:4      | Reached XP level 7. HP: 70/70 MP: 7/11
  6169 | D:5      | Entered Level 5 of the Dungeon
  6216 | D:5      | Reached skill level 5 in Shields
  6653 | D:5      | Reached XP level 8. HP: 70/78 MP: 7/12
  7168 | D:6      | Noticed Edmund
  7176 | D:6      | Killed Edmund
  8787 | D:7      | Noticed a wraith
  8789 | D:7      | Noticed a wraith
  8802 | D:7      | Killed a wraith
  8802 | D:7      | Reached XP level 9. HP: 46/84 MP: 4/13
  8969 | D:7      | Reached skill level 3 in Maces & Flails
  9167 | D:7      | Found the +5 scythe "Finisher" {speed, eviscerate}
  9178 | D:7      | Reached skill level 4 in Maces & Flails
  9452 | D:7      | Found a staircase to the Ecumenical Temple.
  9459 | Temple   | Entered the Ecumenical Temple
  9706 | Temple   | Became a worshipper of Warmaster Okawaru
 10149 | D:8      | Reached skill level 5 in Maces & Flails
 10627 | D:8      | Reached skill level 6 in Maces & Flails
 10636 | D:8      | Noticed Joseph
 10647 | D:8      | Killed Joseph
 10647 | D:8      | Reached * piety under Okawaru
 10647 | D:8      | Reached skill level 7 in Maces & Flails
 10786 | D:8      | Reached XP level 10. HP: 83/92 MP: 14/14
 11071 | D:8      | Reached skill level 8 in Maces & Flails
 11666 | D:9      | Noticed a death yak
 11666 | D:9      | Noticed a death yak
 11666 | D:9      | Noticed a death yak
 11666 | D:9      | Noticed a death yak
 11670 | D:9      | Noticed a death yak
 11671 | D:9      | Noticed a death yak
 11698 | D:9      | Reached ** piety under Okawaru
 11946 | D:9      | Reached skill level 9 in Maces & Flails
 12170 | D:8      | Killed a death yak
 12366 | D:9      | Noticed Erolcha
 12376 | D:9      | Killed Erolcha
 12376 | D:9      | Reached *** piety under Okawaru
 12376 | D:9      | Reached skill level 10 in Maces & Flails
 12499 | D:9      | Reached **** piety under Okawaru
 12499 | D:9      | Reached XP level 11. HP: 69/100 MP: 15/15
 12677 | D:9      | Reached skill level 11 in Maces & Flails
 12812 | D:9      | Killed an unseen horror
 13177 | D:8      | Killed a death yak
 13177 | D:8      | Reached skill level 12 in Maces & Flails
 13505 | D:9      | Reached skill level 1 in Invocations
 13753 | D:9      | Found a staircase to the Lair.
 13765 | D:9      | Reached skill level 5 in Fighting
 13938 | D:9      | Noticed Psyche
 13948 | D:9      | Killed Psyche
 14004 | D:9      | Noticed a centaur warrior
 14058 | D:9      | Killed a death yak
 14058 | D:9      | Reached ***** piety under Okawaru
 14083 | D:8      | Killed a death yak
 14437 | D:8      | HP: 5/105 [death yak (30)]
 14438 | D:8      | Demolished by a death yak

Illustrated notes

Levels and vault maps discovered:
D:1:      lemuel_arrival_lava_pool, layout_basic
D:2:      minmay_roachtagon, layout_loops_corners,
          chequers_serial_rivers_small_3, grunt_dithmenos_smoke
D:3:      layout_basic, uniq_robin, uniq_natasha, uniq_jessica
D:4:      layout_basic, grunt_qazlal_sundering
D:5:      layout_cave_pools
D:6:      layout_layer_cave, uniq_edmund
D:7:      layout_rooms, minmay_temple_entry_drinking_statues,
          minmay_guarded_unrand_finisher
D:8:      minmay_cornered_nines, layout_basic, uniq_joseph
D:9:      layout_roguey, dpeg_lair_monsters, grunt_tough_drop, uniq_erolcha,
          uniq_psyche
Temple:   nicolae_temple_the_god_donut

Skill      XL: |  1  2  3  4  5  6  7  8  9 10 11 |
---------------+----------------------------------+-----
Dodging        | 2 3 |  3.0
Conjurations   | 4 |  4.0
Spellcasting   | 3 |  3.0
Stealth        | 2 |  2.0
Fighting       | 2 3 4 6 |  6.0
Throwing       | 1 2 3 |  3.0
Maces & Flails | 1 2 7 10 12 | 12.0
Evocations     | 1 |  1.0
Shields        | 3 5 8 9 |  9.0
Invocations    | 2 |  2.0

Action                   |  1- 3 |  4- 6 |  7- 9 | 10-12 || total
-------------------------+-------+-------+-------+-------++-------
Melee: Unarmed           |     2 |       |       |       ||     2
       Club              |     5 |       |       |       ||     5
       Whip              |       |    47 |   120 |       ||   167
       Flail             |       |       |    30 |   209 ||   239
Throw: Stone             |     5 |    68 |   121 |   114 ||   308
       Dart              |       |    28 |    22 |    37 ||    87
       Boomerang         |       |       |    11 |    16 ||    27
 Cast: Magic Dart        |    82 |     2 |       |       ||    84
       Searing Ray       |     1 |    32 |    46 |    30 ||   109
Invok: Heroism           |       |       |       |     6 ||     6
 Abil: Evoke Flight      |       |     2 |       |       ||     2
Evoke: Wand              |       |     1 |       |     1 ||     2
  Use: Scroll            |     6 |     3 |    10 |     6 ||    25
       Potion            |       |       |       |     1 ||     1
 Stab: Sleeping          |       |     1 |     1 |       ||     2
       Distracted        |       |       |       |     1 ||     1
Armor: Robe              |     4 |    24 |    52 |    64 ||   144
Dodge: Dodged            |    15 |    29 |    77 |    53 ||   174
Block: Other             |       |     9 |    34 |       ||    43
       Kite shield       |       |       |    53 |   164 ||   217
       Reflection        |       |       |    11 |    25 ||    36

Table legend: (Time is in decaauts)
 A = Elapsed time spent in this place.
 B = Non-inter-level travel time spent in this place.
 C = Inter-level travel time spent in this place.
 D = Time resting spent in this place.
 E = Time spent auto-exploring this place.
 F = Levels seen in this place.
 G = Mean time per level.
                   A        B        C        D        E       F      G
               +--------+--------+--------+--------+--------+-----+--------+
         Total |  14469 |  13519 |    950 |    313 |  11080 |  10 | 1446.9 |
       Dungeon |  14209 |  13292 |    917 |    313 |  10854 |   9 | 1578.8 |
        Temple |    260 |    227 |     33 |      0 |    226 |   1 |  260.0 |
               +--------+--------+--------+--------+--------+-----+--------+

Top non-repeatable levels by time:
     D:8: 2404 daAuts
     D:2: 1981 daAuts
     D:9: 1932 daAuts
     D:4: 1534 daAuts
     D:1: 1498 daAuts
     D:7: 1396 daAuts
     D:6: 1373 daAuts
     D:3: 1241 daAuts
     D:5: 846 daAuts
  Temple: 260 daAuts
